 Dungeon Crawl Stone Soup version 0.26-a0-835-g8259106e14 (webtiles) character file.

Game seed: 4750507281430241777

1780 Kinoniko the Chopper (level 8, -8/58 HPs)
             Began as a Demonspawn Fighter on Nov 17, 2020.
             Was a Believer of Uskayaw.
             Mangled by a death yak (19 damage)
             ... on level 7 of the Dungeon.
             The game lasted 00:06:12 (6414 turns).

Kinoniko the Chopper (Demonspawn Fighter)           Turns: 6414, Time: 00:06:13

Health: -8/58      AC:  8    Str: 29    XL:     8   Next: 81%
Magic:  11/11      EV:  8    Int:  9    God:    Uskayaw [**....]
Gold:   380        SH:  0    Dex: 16    Spells: 7/7 levels left

rFire    + + .     SeeInvis .   l - +5 trident of Kismet {flame, rF+ Str+9 Dex+4}
rCold    . . .     Faith    .   (no shield)
rNeg     . . .     Spirit   .   m - +0 chain mail
rPois    +         Reflect  .   (no helmet)
rElec    .         Harm     .   (no cloak)
rCorr    .         Rampage  .   (no gloves)
MR       .....                  (no boots)
Stlth    ..........             (no amulet)
HPRegen  0.19/turn              h - ring of protection from fire
MPRegen  0.12/turn              q - ring of poison resistance

@: mighty, very slightly contaminated, invisible
A: talons 2, demonic guardian 1, spiny 1
a: Stomp, Line Pass, Renounce Religion


You were on level 7 of the Dungeon.
You worshipped Uskayaw.
Uskayaw was noncommittal.
You visited 2 branches of the dungeon, and saw 9 of its levels.

You collected 380 gold pieces.

Inventory:

Hand Weapons
 a - a +0 war axe
 l - the +5 trident of Kismet (weapon) {flame, rF+ Str+9 Dex+4}
   (You found it on level 5 of the Dungeon)

   It has been specially enchanted to burn those struck by it, causing extra
   injury to most foes and up to half again as much damage against particularly
   susceptible opponents.
   It affects your strength (+9).
   It affects your dexterity (+4).
   It protects you from fire.
Armour
 c - a +0 kite shield
 m - a +0 chain mail (worn)
Jewellery
 h - a ring of protection from fire (left hand)
 q - a ring of poison resistance (right hand)
 u - an uncursed ring of protection from fire
Wands
 n - a wand of polymorph (9)
 o - a wand of disintegration (21)
Scrolls
 g - 11 scrolls of remove curse
 i - 3 scrolls of teleportation
 r - 2 scrolls of identify
 t - a scroll of magic mapping
Potions
 b - 3 potions of mutation
 d - a potion of might
 e - a potion of resistance {unknown}
 f - 2 potions of curing
 j - a potion of magic {unknown}
 k - a potion of flight {unknown}
 s - a potion of berserk rage {unknown}
 v - a potion of attraction {unknown}


   Skills:
 - Level 3.1 Fighting
 - Level 7.4(8.5) Axes
 * Level 6.2(7.9) Polearms
 - Level 2.7 Armour
 - Level 2.8 Shields
 * Level 5.0 Invocations


You had 7 spell levels left.
You didn't know any spells.
Your spell library was empty.

Dungeon Overview and Level Annotations

Branches:
Dungeon (8/15)             Temple (1/1) D:6
   Lair: D:8-11

Altars:
Ashenzari
Cheibriados
Dithmenos
Elyvilon
Fedhas
Gozag
Hepliaklqana
Kikubaaqudgha
Makhleb
Nemelex Xobeh
Okawaru
Qazlal
Sif Muna
Trog
Uskayaw
Vehumet
Wu Jian
Xom
Yredelemnul
Zin
The Shining One

Annotations:
D:6 3 runed translucent doors, glosham's ghost, weakling DEDe
D:7 2 runed translucent doors, pentaxis93's ghost, novice DrTm


Innate Abilities, Weirdness & Mutations

You have razor-sharp toenails.
A weak demonic guardian rushes to your aid.
You are partially covered in sharp spines.


Message History

You puncture the death yak! You burn the death yak.
Your kick misses the death yak.
The death yak is heavily wounded.
The death yak barely misses you.
You puncture the death yak! You burn the death yak.
The death yak is heavily wounded.
You can now pass through a line of other dancers.
You puncture the death yak! You burn the death yak.
You claw the death yak, but do no damage.
The death yak is severely wounded.
The death yak is struck by your spines. The death yak gores you!!
* * * LOW HITPOINT WARNING * * *
You are too injured to fight recklessly!
You are too injured to fight recklessly!
You are too injured to fight recklessly!
You barely miss the death yak.
You claw the death yak, but do no damage.
The death yak is severely wounded.
The death yak gores you!!
You die...

#.#.###########.# #..... ##.##
#.############.#### #.#
#...........[...# # #.#
#..#######.###.## # ##.# #..# #.#
### # ...# ######..#
####.######## #### #.......#
#.(..........
#.###...####.#><.#######
#####.#....@Yro.......######
######..........#####............
.........#......# #.......#####.
.#.###.#.###.##.# #..#...######.
.#..##.......##.# #..##..>......
.......#.######.# #......######.
##++####.######.# #.####.######.
.≈...W##.##.....# #.# #.##.....
≈.#.⌠.≈#.##.##### #.# #........


You could see a death yak, a river rat and an orc.

Vanquished Creatures
  A black bear (D:6)
  2 ogres
  3 centaurs
  A bullfrog (D:7)
  5 wights
  2 bullfrog zombies (D:5)
  4 crimson imps (D:5)
  2 jellies
  3 orc wizards (D:7)
  3 hounds
  A quasit (D:7)
  A bullfrog skeleton (D:7)
  3 orc priests
  An iguana (D:6)
  5 worker ants
  A hell rat (D:7)
  A hound zombie (D:7)
  9 adders
  7 gnolls (D:4)
  A shadow imp (D:6)
  2 white imps (D:7)
  An ufetubus (D:7)
  3 oozes
  A worm (D:5)
  A dart slug (D:4)
  A leopard gecko (D:2)
  15 orcs
  2 giant cockroaches
  9 goblins
  3 hobgoblins (D:1)
  3 jackals (D:6)
  6 kobolds
  5 quokkas
  2 ball pythons
  11 bats
  3 frilled lizards
  A quokka skeleton (D:4)
  9 rats
134 creatures vanquished.

Notes
Turn   | Place    | Note
-------+----------+-------------------------------------------
     0 | D:1      | Kinoniko the Demonspawn Fighter began the quest for the
                  | Orb.
     0 | D:1      | Reached XP level 1. HP: 18/18 MP: 1/1
   135 | D:1      | Reached skill level 2 in Axes
   199 | D:1      | Gained mutation: You have sharp toenails. [demonic
                  | ancestry]
   199 | D:1      | Reached XP level 2. HP: 24/24 MP: 2/2
   950 | D:2      | Gained mutation: You have razor-sharp toenails. [demonic
                  | ancestry]
   950 | D:2      | Reached XP level 3. HP: 26/29 MP: 3/3
  1036 | D:2      | Reached skill level 3 in Axes
  1561 | D:2      | Gained mutation: You are partially covered in sharp spines.
                  | [demonic ancestry]
  1561 | D:2      | Reached XP level 4. HP: 35/35 MP: 4/4
  2119 | D:3      | Reached skill level 4 in Axes
  2465 | D:3      | Reached XP level 5. HP: 41/41 MP: 5/5
  2682 | D:3      | Reached skill level 5 in Axes
  2686 | D:3      | Reached XP level 6. HP: 45/47 MP: 6/6
  2694 | D:4      | Reached skill level 6 in Axes
  3324 | D:4      | Gained mutation: A weak demonic guardian rushes to your
                  | aid. [demonic ancestry]
  3324 | D:4      | Reached XP level 7. HP: 29/52 MP: 7/7
  3505 | D:5      | Entered Level 5 of the Dungeon
  3510 | D:5      | Reached skill level 7 in Axes
  3677 | D:5      | Got a crystal trident
  3678 | D:5      | Identified the +5 trident of Kismet {flame, rF+ Str+9
                  | Dex+4} (You found it on level 5 of the Dungeon)
  3817 | D:5      | Reached skill level 1 in Polearms
  3969 | D:5      | Found a shimmering altar of Xom.
  4399 | D:6      | Noticed glosham's ghost (weakling DEDe)
  4423 | D:6      | Found a runed translucent gate.
  4423 | D:6      | Found a runed translucent gate.
  4423 | D:6      | Found a runed translucent gate.
  4475 | D:6      | Reached XP level 8. HP: 58/58 MP: 8/8
  4659 | D:6      | Found a staircase to the Ecumenical Temple.
  4675 | D:6      | Reached skill level 5 in Polearms
  4681 | Temple   | Entered the Ecumenical Temple
  4788 | Temple   | Became a worshipper of Uskayaw the Reveller
  5084 | D:6      | Reached * piety under Uskayaw
  5085 | D:6      | Reached ** piety under Uskayaw
  5440 | D:7      | Reached *** piety under Uskayaw
  5445 | D:7      | Reached **** piety under Uskayaw
  5693 | D:7      | Found a large runed translucent door.
  5694 | D:7      | Found a large runed translucent door.
  5696 | D:7      | Noticed pentaxis93's ghost (novice DrTm)
  6316 | D:8      | Noticed a death yak
  6326 | D:7      | Reached skill level 5 in Invocations
  6398 | D:8      | Noticed a death yak
  6414 | D:7      | Mangled by a death yak

Illustrated notes

Levels and vault maps discovered:
D:1:      eino_arrival_water_star, layout_basic, serial_curves, eino_curves_02,
          eino_curves_03, eino_curves_01, eino_curves_01
D:2:      layout_loops_ring
D:3:      layout_basic
D:4:      layout_basic
D:5:      layout_cave_pools, led_xom_imps
D:6:      layout_basic, minmay_temple_entry_mini_moons, gammafunk_ghost_icy
D:7:      layout_loops_ring, ebering_ghost_disaster_area
D:8:      layout_cave_pools, kennysheep_little_box, dpeg_lair_monsters,
          roderic_batcave, lightli_church_of_beogh, uniq_joseph
Temple:   nicolae_temple_the_god_donut

Skill      XL: |  1  2  3  4  5  6  7  8 |
---------------+-------------------------+-----
Axes           | 2 3 4 5 6 7 |  7.4
Polearms       | 3 6 |  6.2
Invocations    | 5 |  5.0
Fighting       | |  3.1
Armour         | |  2.7
Shields        | |  2.8

Action                   |  1- 3 |  4- 6 |  7- 9 || total
-------------------------+-------+-------+-------++-------
Melee: War axe           |    97 |    87 |    12 ||   196
       Kick              |    13 |    21 |    31 ||    65
       Trident           |       |       |   110 ||   110
  Use: Scroll            |       |     9 |     1 ||    10
       Potion            |       |       |     2 ||     2
 Stab: Paralysed         |       |       |     1 ||     1
Armor: Scale mail        |    61 |     2 |       ||    63
       Chain mail        |       |    38 |    38 ||    76
Dodge: Dodged            |    56 |    34 |    25 ||   115

Table legend: (Time is in decaauts)
 A = Elapsed time spent in this place.
 B = Non-inter-level travel time spent in this place.
 C = Inter-level travel time spent in this place.
 D = Time resting spent in this place.
 E = Time spent auto-exploring this place.
 F = Levels seen in this place.
 G = Mean time per level.
                   A        B        C        D        E       F      G
               +--------+--------+--------+--------+--------+-----+--------+
         Total |   6468 |   6270 |    198 |    473 |   5057 |   9 |  718.7 |
       Dungeon |   6150 |   5962 |    188 |    473 |   4759 |   8 |  768.8 |
        Temple |    317 |    307 |     10 |      0 |    298 |   1 |  317.0 |
               +--------+--------+--------+--------+--------+-----+--------+

Top non-repeatable levels by time:
     D:2: 1100 daAuts
     D:7: 1004 daAuts
     D:6: 986 daAuts
     D:1: 918 daAuts
     D:4: 827 daAuts
     D:3: 714 daAuts
     D:5: 586 daAuts
  Temple: 317 daAuts
     D:8: 11 daAuts
